 Dungeon Crawl Stone Soup version 0.29-a0-284-gf9362112df (webtiles) character file.

Game seed: 3123501738601467147

195 spaghetti the Skirmisher (level 5, 0/52 HPs)
             Began as a Tengu Necromancer on Mar 20, 2022.
             Was an Initiate of Yredelemnul.
             Succumbed to an adder's poison
             ... on level 3 of the Dungeon.
             The game lasted 00:03:16 (3195 turns).

spaghetti the Skirmisher (Tengu Necromancer)        Turns: 3195, Time: 00:03:16

Health: 0/52       AC: 22    Str: 10    XL:     5   Next: 74%
Magic:  5/9        EV:  2    Int: 15    God:    Yredelemnul [......]
Gold:   133        SH:  0    Dex: 15    Spells: 7/8 levels left

rFire   . . .      SeeInvis .   e - +0 scythe (venom) {polearm}
rCold   . . .      Faith    .   (shield currently unavailable)
rNeg    . . .      Spirit   .   (body armour currently unavailable)
rPois   +          Reflect  .   (helmet currently unavailable)
rElec   .          Harm     .   (cloak currently unavailable)
rCorr   .          Rampage  .   (gloves currently unavailable)
Will    .....      NoTele   +   (boots unavailable)
Stlth   ++........              (no amulet)
HPRegen 0.17/turn               (no ring)
MPRegen 0.11/turn               (no ring)

@: mighty, lethally poisoned (0 -> -3), tree-form, hasted, very quick
A: stationary, stasis, torment immunity, boosted hp, (beak), (talons 3), nimble
flight
a: Renounce Religion, Recall Undead Harvest


You were on level 3 of the Dungeon.
You worshipped Yredelemnul.
Yredelemnul was noncommittal.
You were a tree.
You visited 1 branch of the dungeon, and saw 3 of its levels.

You collected 133 gold pieces.


Innate Abilities, Weirdness & Mutations

You are a tree.
Your roots penetrate the ground, keeping you stationary.
You cannot be teleported.
You are immune to unholy pain and torment.
Your maximum health is greatly increased.
Your equipment is partially melded.
((You have a beak for a mouth.))
((You have claws for feet.))
Your magical nature lets you fly swiftly and evasively.


   Skills:
 - Level 5.1 Fighting
 + Level 1.0 Polearms
 - Level 2.1 Dodging
 - Level 2.0 Stealth
 - Level 2.0 Spellcasting
 - Level 4.3 Necromancy


You had 7 spell levels left.
You knew the following spells:

 Your Spells              Type           Power      Damage    Failure   Level
a - Pain                  Necr           56%        1d6       3%          1

Your spell library contained the following spells:

 Spells                   Type           Power      Damage    Failure   Level
 Animate Skeleton         Necr           28%        N/A       3%          1
 Vampiric Draining        Necr           14%        2d7       11%         3
 Corpse Rot               Necr/Air       16%        N/A       14%         2
 Animate Dead             Necr           7%         N/A       36%         4
 Dispel Undead            Necr           14%        3d10      36%         4
 Agony                    Necr           14%        N/A       71%         5
 Death Channel            Necr           Unusable   N/A       N/A         6

Inventory:

Hand Weapons
 c - a +0 whip {mace}
   (You found it on level 1 of the Dungeon)
 e - a +0 scythe of venom (weapon) {polearm}
   (You took it off Sigmund on level 2 of the Dungeon)
 f - a +0 short sword {short}
   (You found it on level 1 of the Dungeon)
Missiles
 d - 2 silver javelins {throwing}
 g - 93 stones {throwing}
 j - a throwing net {=f!fthrowing}
Armour
 a - a +0 robe (melded)
 n - a +0 robe
   (You took it off Sigmund on level 2 of the Dungeon)
Magical Staves
 s - a staff of earth {!astaff}
   (You found it on level 2 of the Dungeon)
Scrolls
 q - a scroll of amnesia {unknown}
 u - a scroll of identify {unknown}
 v - a scroll of enchant weapon {unknown}
Potions
 b - a potion of magic
 h - a potion of lignification {!q}
 i - a potion of flight
 m - 3 potions of ambrosia {unknown}
 o - a potion of degeneration {unknown}
 p - a potion of brilliance {unknown}
 r - a potion of invisibility {unknown}
 t - a potion of heal wounds {unknown}

Dungeon Overview and Level Annotations

Branches:
Dungeon (3/15)

Altars:
Trog
Yredelemnul

###.....#######
#.....# #.....#
#.....#
##..######
#####.......#
#.........).#
#.####.####.#
#♣# # #Zg......
######.##


You could see a hobgoblin (ally target) and a friendly adder zombie.


Message History

You are poisoned.
The adder poisons you! The adder closely misses you. 😕 HP[-1]
You take 1 damage, and now have 33/35 hp.
You barely miss the adder. You peck the adder.
You feel sick.
The adder barely misses you. x3 😕 HP[-2]
You take 2 damage, and now have 31/35 hp.
You closely miss the adder. Your peck misses the adder.
You feel sick.
You are no longer poisoned.
The adder bites you. The adder barely misses you.
The adder bites you but does no damage.
You closely miss the adder. Your kick misses the adder.
Your peck misses the adder. The adder bites you.
You are poisoned.
The adder poisons you! The adder bites you. 😮 HP[-6] MP[+1]
You take 6 damage, and now have 25/35 hp.
Your mp is fully restored (9).
You closely miss the adder. Your peck misses the adder.
You feel very sick. The adder barely misses you. The adder closely misses you.
The adder bites you. 😮 HP[-5]
You take 5 damage, and now have 20/35 hp.
Aiming: Pain (safe; 3% risk of failure)
Press: ? - help, Q - select action, (/) - cycle Shift-Dir - straight line, f/p - adder
Aim: an adder (heavily wounded, chance to affect: 78%)
The adder barely resists.
You feel sick. The adder bites you.
* * * LOW HITPOINT WARNING * * *
You are more poisoned.
The adder poisons you! 😨 HP[-3] MP[-1]
You take 3 damage, and now have 17/35 hp.
You lost 1 mp, and now have 8/9 mp.
Aiming: Pain (safe; 3% risk of failure)
Press: ? - help, Q - select action, (/) - cycle Shift-Dir - straight line, f/p - adder
Aim: an adder (heavily wounded, chance to affect: 78%)
The adder writhes in agony.
You feel very sick.
The adder closely misses you. 😨 HP[-4] MP[-1]
You take 4 damage, and now have 13/35 hp.
You lost 1 mp, and now have 7/9 mp.
Aiming: Pain (safe; 3% risk of failure)
Press: ? - help, Q - select action, (/) - cycle Shift-Dir - straight line, f/p - adder
Aim: an adder (severely wounded, chance to affect: 78%)
The adder writhes in agony.
You feel sick. The adder barely misses you. The adder bites you.
* * * LOW HITPOINT WARNING * * *
You are lethally poisoned!
The adder poisons you! 😨 HP[-3] MP[-1]
You take 3 damage, and now have 10/35 hp.
You lost 1 mp, and now have 6/9 mp.
Aiming: Pain (safe; 3% risk of failure)
Press: ? - help, Q - select action, (/) - cycle Shift-Dir - straight line, f/p - adder
Aim: an adder (almost dead, chance to affect: 78%)
The adder writhes in agony.
* * * LOW HITPOINT WARNING * * *
You feel very sick.
The adder barely misses you. 😱 HP[-4] MP[-1]
You take 4 damage, and now have 6/35 hp.
You lost 1 mp, and now have 5/9 mp.
Aiming: Pain (safe; 3% risk of failure)
Press: ? - help, Q - select action, (/) - cycle Shift-Dir - straight line, f/p - adder
Aim: an adder (almost dead, chance to affect: 78%)
The adder writhes in agony.
You kill the adder!
A black mist starts to gather...
* * * LOW HITPOINT WARNING * * *
You feel sick.
Your Polearms skill increases to level 1! 😱 HP[-3] MP[-1]
You take 3 damage, and now have 3/35 hp.
You lost 1 mp, and now have 4/9 mp.
It was a potion of lignification.
You turn into a tree.
Your +0 robe melds into your body.
Your roots penetrate the ground.
* * * LOW HITPOINT WARNING * * *
You feel sick.
The hobgoblin hits you but does no damage.
Your adder zombie bites the hobgoblin.
You now have 52 max hp (+17).
It was a potion of flight.
Your roots keep you in place.
* * * LOW HITPOINT WARNING * * *
You feel sick.
The hobgoblin hits you but does no damage.
Your adder zombie bites the hobgoblin but does no damage.
It was a potion of might.
You feel very mighty all of a sudden.
* * * LOW HITPOINT WARNING * * *
You feel sick. The hobgoblin hits you.
* * * LOW HITPOINT WARNING * * *
Your adder zombie bites the hobgoblin. 😱 HP[-2]
You take 2 damage, and now have 1/52 hp.
It was a potion of haste.
You feel yourself speed up.
You die...
Your body rises from the dead as a mindless zombie.

Skill      XL: |  1  2  3  4  5 |
---------------+----------------+-----
Fighting       | 1 2 5 |  5.1
Polearms       | 1 |  1.0
Dodging        | |  2.1
Stealth        | |  2.0
Spellcasting   | |  2.0
Necromancy     | |  4.3

Action                   |  1- 3 |  4- 6 || total
-------------------------+-------+-------++-------
Melee: Short sword       |    40 |       ||    40
       Unarmed           |     3 |       ||     3
       Kick              |     9 |       ||     9
       Peck              |     8 |     1 ||     9
       Scythe            |       |    11 ||    11
 Cast: Pain              |    24 |     9 ||    33
  Use: Potion            |     1 |     4 ||     5
 Stab: Sleeping          |     1 |     1 ||     2
Armor: Robe              |     8 |     1 ||     9
       Skin              |       |     2 ||     2
Dodge: Dodged            |    30 |    12 ||    42

Levels and vault maps discovered:
D:1:      nicolae_arrival_memento_mori, layout_loops_ring
D:2:      layout_loops_ring, basic_altar, ebering_ecumenical_altar_webs,
          uniq_sigmund
D:3:      layout_loops_ring, mainiacjoe_overflow_tiny_flanked, xom_butterflies

Notes
Turn   | Place    | Note
-------+----------+-------------------------------------------
     0 | D:1      | spaghetti the Tengu Necromancer began the quest for the
                  | Orb.
     0 | D:1      | Reached XP level 1. HP: 10/10 MP: 4/4
     0 | D:1      | magus.rc [v1.9.6]
   513 | D:1      | Reached skill level 1 in Fighting
   661 | D:1      | Reached XP level 2. HP: 14/16 MP: 3/6
  1131 | D:2      | HP: 4/17 [ball python (2)]
  1453 | D:2      | Reached skill level 2 in Fighting
  2432 | D:2      | Found a faded altar of an unknown god.
  2441 | D:2      | Prayed at the altar of an unknown god.
  2441 | D:2      | Became a worshipper of Yredelemnul the Dark
  2441 | D:2      | Reached * piety under Yredelemnul
  2461 | D:2      | Reached XP level 3. HP: 10/22 MP: 7/7
  2636 | D:2      | Noticed Sigmund
  2648 | D:2      | Killed Sigmund
  2649 | D:2      | Reached skill level 5 in Fighting
  2649 | D:2      | Reached XP level 4. HP: 31/31 MP: 8/8
  2649 | D:2      | Gained mutation: Your magical nature lets you fly swiftly
                  | and evasively. [Tengu growth]
  2649 | D:2      | Reached XP level 5. HP: 35/35 MP: 9/9
  2858 | D:2      | Found a bloodstained altar of Trog.
  3149 | D:3      | You pick up a book of Decay and begin reading...
  3149 | D:3      | You add the spells Corpse Rot and Dispel Undead to your
                  | library.
  3190 | D:3      | HP: 6/35 [poisoned by an adder]
  3192 | D:3      | Reached skill level 1 in Polearms
  3194 | D:3      | HP: 2/52 [poisoned by an adder]
  3195 | D:3      | Succumbed to an adder's poison

Vanquished Creatures
  An adder (D:3)
  A dart slug (D:2)
  5 endoplasms
  3 giant cockroaches
  2 goblins
  A hobgoblin (D:1)
  3 jackals (D:2)
  2 quokkas (D:1)
  3 ball pythons
  A kobold (D:2)
  A rat (D:2)
23 creatures vanquished.

Vanquished Creatures (collateral kills)
  Sigmund (D:2)
  A kobold (D:2)
2 creatures vanquished.

Vanquished Creatures (others)
  A bat zombie (D:2)
1 creature vanquished.

Grand Total: 26 creatures vanquished

Table legend:
 A = Non-vault XP
 B = Vault XP
 C = Vault XP percentage of total XP
 D = Non-vault monster count
 E = Vault monster count
 F = Vault count percentage of total count
                 A         B        C        D         E       F
            +---------+---------+-------+---------+---------+-------
      Total |      56 |     223 |  79.9 |      24 |       1 |   4.0
            +---------+---------+-------+---------+---------+-------
        D:1 |      18 |       0 |   0.0 |      10 |       0 |   0.0
        D:2 |      23 |     223 |  90.7 |      12 |       1 |   7.7
        D:3 |      15 |       0 |   0.0 |       2 |       0 |   0.0
            +---------+---------+-------+---------+---------+-------

Illustrated notes

Table legend:
 A = Kills in this place as a percentage of kills in entire the game.
 B = Kills by you in this place as a percentage of kills by you in the entire game.
 C = Kills by friends in this place as a percentage of kills by friends in the entire game.
 D = Other kills in this place as a percentage of other kills in the entire game.
 E = Experience gained in this place as a percentage of experience gained in the entire game.
 F = Experience gained in this place divided by the number of levels of this place that you have seen.
                   A       B       C       D       E      F
               +-------+-------+-------+-------+-------+----------------------
         Total | 100.0 | 100.0 | 100.0 |   N/A | 100.0 |  93.0
       Dungeon | 100.0 | 100.0 | 100.0 |   N/A | 100.0 |  93.0
               +-------+-------+-------+-------+-------+----------------------

Table legend: (Time is in decaauts)
 A = Elapsed time spent in this place.
 B = Non-inter-level travel time spent in this place.
 C = Inter-level travel time spent in this place.
 D = Time resting spent in this place.
 E = Time spent auto-exploring this place.
 F = Levels seen in this place.
 G = Mean time per level.
                   A        B        C        D        E       F      G
               +--------+--------+--------+--------+--------+-----+--------+
         Total |   3188 |   3127 |     61 |    586 |   2266 |   3 | 1062.7 |
       Dungeon |   3188 |   3127 |     61 |    586 |   2266 |   3 | 1062.7 |
               +--------+--------+--------+--------+--------+-----+--------+

Top non-repeatable levels by time:
     D:2: 1715 daAuts
     D:1: 1403 daAuts
     D:3: 68 daAuts
